 Dungeon Crawl Stone Soup version 0.32-a0-314-g526f7d4993 (webtiles) character file.

Game seed: 7879603030115875018

151 Nattfarinn the Changeling (level 5, 0/29 HPs)
             Began as a Demonspawn Shapeshifter on Feb 16, 2024.
             Slain by a phantom (7 damage)
             ... on level 4 of the Dungeon.
             The game lasted 00:02:44 (2112 turns).

Nattfarinn the Changeling (Demonspawn Shapeshifter) Turns: 2112, Time: 00:02:45

Health: 0/29       AC:  0    Str: 16    XL:     5   Next: 11%
Magic:  5/5        EV: 16    Int: 11    God:
Gold:   200        SH:  0    Dex: 14    Spells: 4/4 levels left

rFire   . . .        g - melded +2 whip (holy)
rCold   . . .        (shield currently unavailable)
rNeg    . . .        a - melded +0 animal skin
rPois   .            (no helmet)
rElec   .            (no cloak)
rCorr   .            (no gloves)
SInv    .            (no boots)
Will    .....        (no amulet)
Stlth   +            (no ring)
HPRegen 0.24/turn    (no ring)
MPRegen 0.09/turn

%: no passive effects
@: flux-form, glowing
A: glow, contaminating, reduced hp, thin skeletal structure 1, spiny 1
a: Begin Untransformation


You were on level 4 of the Dungeon.
You were something dangerously unstable.
You visited 1 branch of the dungeon, and saw 4 of its levels.

You collected 200 gold pieces.

Inventory:

Hand Weapons
 g - a +2 whip of holy wrath (melded)
Armour
 a - a +0 animal skin (melded)
Jewellery
 o - a ring of fire
Talismans
 c - a beast talisman
 d - a flux talisman (active)
Scrolls
 e - 5 scrolls of identify {unknown}
 h - a scroll of fear {unknown}
 k - a scroll of amnesia {unknown}
 l - a scroll of fog {unknown}
 m - a scroll of immolation {unknown}
 p - a scroll of noise {unknown}
 q - a scroll of revelation {unknown}
Potions
 b - 3 potions of lignification
 f - 2 potions of heal wounds {unknown}
 i - a potion of brilliance {unknown}
 j - a potion of curing {unknown}
 n - a potion of haste {unknown}
 r - a potion of enlightenment {unknown}


   Skills:
 - Level 1.0 Fighting
 - Level 1.7 Dodging
 - Level 2.6 Unarmed Combat
 * Level 5.0 Shapeshifting


You had 4 spell levels left.
You didn't know any spells.
Your spell library was empty.

Dungeon Overview and Level Annotations

Branches:
Dungeon (4/15)
 Temple: D:4-7

Altars:
Vehumet

Shops:
D:4 *


Innate Abilities, Weirdness & Mutations

You are something dangerously unstable.
You glow with magical radiation, making you easy to see and hit.
Foes you strike become dangerously contaminated with magical radiation.
Your maximum health is decreased, since you lack skill for your form.
You are incapable of wielding weapons or throwing items.
You have a somewhat thin skeletal structure. (Dex +2, Stealth+)
You are partially covered in sharp spines.


Message History

Found a stone staircase leading up.
You see here a +0 short sword.
You open the door.
An endoplasm comes into view.
Found a radiant altar of Vehumet.
There is an open door here.
The helpless endoplasm fails to defend itself.
You hit the endoplasm but do no damage.
The endoplasm begins to glow.
The endoplasm freezes you.
You are frozen.
You completely miss the endoplasm. The endoplasm closely misses you.
You hit the endoplasm.
The endoplasm glows dangerously bright.
The endoplasm is heavily wounded.
The endoplasm is struck by your spines.
You kill the endoplasm!
No target in view!
You open the door.
There is an open door here.
A phantom comes into view.
You hit the phantom.
The phantom begins to glow.
The phantom is lightly damaged.
The phantom hits you.
The phantom blinks!
You blink.
You hit the phantom but do no damage.
The phantom glows dangerously bright.
The phantom is lightly damaged.
The phantom is struck by your spines. The phantom hits you.
The phantom blinks!
You blink.
You barely miss the phantom.
The phantom is lightly damaged.
The phantom is struck by your spines. The phantom hits you.
The phantom blinks!
You blink.
You barely miss the phantom.
The phantom is lightly damaged.
The phantom hits you!
* * * LOW HITPOINT WARNING * * *
The phantom blinks!
You blink.
You hit the phantom but do no damage.
The phantom shudders as magic cascades through it!
The phantom is heavily damaged.
The phantom is struck by your spines. The phantom hits you!
You die...

###########
##.........#
#..###'###..
#.##..Wp§##
##########.#.....§§#
...........#.......#
......####.'§§._...+
......# ###.......#
.ß....# ###.......#
..)..#####.##.....##
.∩.<)......<###'###
.....#####......#


You could see a phantom.

Vanquished Creatures
  An orc wizard (D:3)
  2 adders (D:2)
  A ribbon worm (D:3)
  6 orcs
  2 ball pythons
  5 bats
  6 endoplasms
  2 giant cockroaches
  5 goblins
  7 hobgoblins
  A quokka (D:2)
  5 frilled lizards
  10 kobolds
  5 rats
58 creatures vanquished.

Notes
Turn   | Place    | Note
-------+----------+-------------------------------------------
     0 | D:1      | Nattfarinn the Demonspawn Shapeshifter began the quest for
                  | the Orb.
     0 | D:1      | Reached XP level 1. HP: 15/15 MP: 1/1
    18 | D:1      | Reached skill level 3 in Shapeshifting
    19 | D:1      | Gained mutation: You are partially covered in sharp spines.
                  | [demonic ancestry]
    19 | D:1      | Reached XP level 2. HP: 9/21 MP: 2/2
   237 | D:1      | Reached XP level 3. HP: 21/26 MP: 3/3
   654 | D:2      | Reached skill level 4 in Shapeshifting
   862 | D:2      | Gained mutation: You have a somewhat thin skeletal
                  | structure. (Dex +2, Stealth+) [demonic ancestry]
   862 | D:2      | Reached XP level 4. HP: 29/32 MP: 4/4
  1902 | D:4      | Found Ycan's Assorted Antiques.
  1908 | D:4      | Reached XP level 5. HP: 28/37 MP: 5/5
  1987 | D:4      | Reached skill level 5 in Shapeshifting
  2045 | D:4      | Noticed an ogre
  2082 | D:4      | Found a radiant altar of Vehumet.
  2105 | D:4      | Noticed a phantom
  2112 | D:4      | Slain by a phantom

Illustrated notes

Levels and vault maps discovered:
D:1:      scummos_arrival_star, layout_basic, amethyst_killhole
D:2:      layout_basic
D:3:      layout_loops_ring
D:4:      minmay_chambers_of_twos, layout_rooms, kennysheep_ying_yang,
          nicolae_vehumet_altar_sigil, mainiacjoe_overflow_24_doors,
          nicolae_stop_n_shop_2, grunt_decor_mini_mirrors, minmay_pentomino_pile

Skill      XL: |  1  2  3  4  5 |
---------------+----------------+-----
Shapeshifting  | 3 4 5 |  5.0
Fighting       | |  1.0
Dodging        | |  1.7
Unarmed Combat | |  2.6

Action                     |  1- 3 |  4- 6 || total
---------------------------+-------+-------++-------
  Melee: Unarmed           |    15 |     8 ||    23
         Whip              |    37 |    40 ||    77
   Stab: Sleeping          |     2 |     8 ||    10
 Armour: Animal skin       |    25 |    16 ||    41
         Skin              |       |     5 ||     5
  Dodge: Dodged            |    19 |    19 ||    38
   Form: Flux              |       |     1 ||     1

Table legend: (Time is in decaauts)
 A = Elapsed time spent in this place.
 B = Non-inter-level travel time spent in this place.
 C = Inter-level travel time spent in this place.
 D = Time resting spent in this place.
 E = Time spent auto-exploring this place.
 F = Levels seen in this place.
 G = Mean time per level.
                   A        B        C        D        E       F      G
               +--------+--------+--------+--------+--------+-----+--------+
         Total |   2118 |   2053 |     65 |     67 |   1642 |   4 |  529.5 |
       Dungeon |   2118 |   2053 |     65 |     67 |   1642 |   4 |  529.5 |
               +--------+--------+--------+--------+--------+-----+--------+

Top non-repeatable levels by time:
     D:3: 705 daAuts
     D:2: 639 daAuts
     D:1: 639 daAuts
     D:4: 134 daAuts
